 Dungeon Crawl Stone Soup version 0.32-a0-656-g3542139ebd (webtiles) character file.

Game seed: 1548281508898270371

247 seaoflcl the Trooper (level 5, -1/47 HPs)
             Began as a Draconian Fighter on Mar 8, 2024.
             Was an Initiate of the Shining One.
             Slain by a ribbon worm (4 damage)
             ... on level 3 of the Dungeon.
             The game lasted 00:05:07 (2670 turns).

seaoflcl the Trooper (Draconian Fighter)            Turns: 2670, Time: 00:05:08

Health: -1/47      AC:  5    Str: 21    XL:     5   Next: 85%
Magic:  5/5        EV:  2    Int:  8    God:    the Shining One [......]
Gold:   170        SH:  4    Dex: 10    Spells: 4/4 levels left

rFire   . . .        a - +0 long sword
rCold   . . .        b - +0 buckler
rNeg    . . .        (body armour unavailable)
rPois   .            (helmet restricted)
rElec   .            (no cloak)
rCorr   .            (no gloves)
SInv    .            (no boots)
Will    .....        (no amulet)
Stlth   +            (no ring)
HPRegen 0.27/turn    (no ring)
MPRegen 0.09/turn

%: no passive effects
@: mighty, glowing, constricted, very slow
A: AC +5, unfitting armour, cold-blooded
a: Renounce Religion


You were on level 3 of the Dungeon.
You worshipped the Shining One.
The Shining One was noncommittal.
You visited 1 branch of the dungeon, and saw 3 of its levels.

You collected 170 gold pieces.

Inventory:

Hand Weapons
 a - a +0 long sword (weapon)
Missiles
 p - a throwing net (quivered)
 q - 4 poisoned darts
Armour
 b - a +0 buckler (worn)
 s - a +1 helmet
Jewellery
 e - a ring of ice
 u - a ring of poison resistance
Talismans
 h - a granite talisman
Wands
 t - a wand of flame (26)
Scrolls
 d - a scroll of enchant weapon {unknown}
 f - 2 scrolls of immolation {unknown}
 k - a scroll of amnesia {unknown}
 m - a scroll of noise {unknown}
 n - 2 scrolls of identify {unknown}
Potions
 g - a potion of mutation {unknown}
 i - 2 potions of heal wounds {unknown}
 j - 2 potions of resistance {unknown}
 l - a potion of curing {unknown}
 o - 2 potions of ambrosia {unknown}
 r - a potion of brilliance {unknown}


   Skills:
 + Level 4.3 Fighting
 + Level 3.4 Long Blades
 * Level 1.1 Throwing
 + Level 3.8 Dodging
 + Level 1.0 Stealth
 + Level 3.9 Shields


You had 4 spell levels left.
You didn't know any spells.
Your spell library contained the following spells:

 Spells                   Type           Power      Damage    Failure   Level
 Sandblast                Erth           0%         2d4       47%         1
 Inner Flame              Hex/Fire       0%         N/A       85%         3
 Passwall                 Erth           0%         N/A       85%         3
 Stone Arrow              Conj/Erth      0%         3d7       85%         3
 Brom's Barrelling Bould  Conj/Erth      0%         2d3       99%         4
 Irradiate                Conj/Alch      0%         3d11      100%        5
 Ignition                 Fire           0%         3d3       100%        8


Dungeon Overview and Level Annotations

Branches:
Dungeon (3/15)

Altars:
Ashenzari
Vehumet
The Shining One

Portals:
Sewer: D:3

Annotations:
D:2 1 runed translucent door, Crazy Yiuf


Innate Abilities, Weirdness & Mutations

Your plain brown scales are hard. (AC +5)
You cannot fit into any form of body armour.
You are cold-blooded and may be slowed by cold attacks.


Message History

Your unstable footing causes you to fumble your attack.
The rat twitches its whiskers.
The ball python bites you. The ball python barely misses you.
The ribbon worm barely misses you. The ball python misses you. x2
The ribbon worm expels a string of sticky webbing.
The stream of webbing hits you but does no damage.
You are caught in a web!
The ribbon worm expels a string of sticky webbing.
The stream of webbing hits you but does no damage.
You are caught in a web!
The ball python barely misses you.
A rat comes into view.
The rat squeaks loudly.
The ribbon worm splashes around in the water.
The ball python closely misses you. You block the ribbon worm's attack.
A ribbon worm comes into view.
You slash the ribbon worm!
The ribbon worm is severely wounded.
You block the ball python's attack. The ball python grabs you.
The ball python constricts you. The ribbon worm bites you. x2
* * * LOW HITPOINT WARNING * * *
You block the ball python's attack. The ball python constricts you.
* * * LOW HITPOINT WARNING * * *
You feel very mighty all of a sudden. The ribbon worm bites you.
* * * LOW HITPOINT WARNING * * *
The ball python bites you but does no damage.
The ball python constricts you.
* * * LOW HITPOINT WARNING * * *
Your unstable footing causes you to fumble your attack.
The ball python bites you but does no damage.
The ball python constricts you. The ribbon worm barely misses you.
The ribbon worm expels a string of sticky webbing.
The stream of webbing hits you but does no damage.
You are caught in a web!
The ball python barely misses you. The ball python constricts you.
* * * LOW HITPOINT WARNING * * *
The ribbon worm bites you.
* * * LOW HITPOINT WARNING * * *
The ribbon worm bites you.
You die...

## #.# #. #.# #. ## ##.#
#. #r# #~#.# ## ##w#
#r##.# #~#S#w# #.# ###
#~#@# ##.###########
.....##w####.............
>............###.#####.##
#####.######.# #.# #.# #.
#.# #.# #.# # ..# #.# #.#
#####.# ..# .....#######
..#..........


You could see 3 ribbon worms, a ball python and 2 rats.

Vanquished Creatures
  A crimson imp (D:3)
  Natasha (thrice) (D:2)
  4 gnolls (D:2)
  2 adders (D:2)
  4 ribbon worms (D:2)
  4 ball pythons
  3 bats
  6 endoplasms
  5 goblins
  4 hobgoblins
  11 jackals
  4 quokkas
  5 frilled lizards
  2 goblin skeletons (D:3)
  2 goblin zombies (D:3)
  4 hobgoblin zombies (D:3)
  4 kobolds
  A kobold skeleton (D:3)
  An orc skeleton (D:3)
  5 rats
75 creatures vanquished.

Notes
Turn   | Place    | Note
-------+----------+-------------------------------------------
     0 | D:1      | seaoflcl the Draconian Fighter began the quest for the Orb.
     0 | D:1      | Reached XP level 1. HP: 19/19 MP: 1/1
   183 | D:1      | Reached XP level 2. HP: 26/26 MP: 2/2
   639 | D:1      | Reached XP level 3. HP: 31/31 MP: 3/3
  1484 | D:2      | Noticed Natasha
  1496 | D:2      | Killed Natasha
  1497 | D:2      | Reached skill level 4 in Fighting
  1497 | D:2      | Reached XP level 4. HP: 10/40 MP: 4/4
  1846 | D:2      | Noticed Natasha
  1853 | D:2      | Killed Natasha
  1854 | D:2      | Reached XP level 5. HP: 21/46 MP: 5/5
  1957 | D:2      | Found a runed translucent door.
  1958 | D:2      | Noticed Crazy Yiuf
  2354 | D:2      | Noticed Natasha
  2365 | D:2      | Killed Natasha
  2405 | D:3      | Found a broken altar of Ashenzari.
  2488 | D:3      | Found a glowing golden altar of the Shining One.
  2516 | D:3      | Became a worshipper of the Shining One
  2543 | D:3      | Reached skill level 1 in Throwing
  2543 | D:3      | Reached skill level 1 in Stealth
  2588 | D:3      | Found a radiant altar of Vehumet.
  2652 | D:3      | Found a glowing drain.
  2670 | D:3      | Slain by a ribbon worm

Illustrated notes

Levels and vault maps discovered:
D:1:      dpeg_arrival_simpleton_a, layout_basic
D:2:      minmay_wonky_spiral, layout_loops_ring, grunt_decor_fettered,
          uniq_natasha, uniq_crazy_yiuf_cottage
D:3:      layout_basic, vehumet_altar_wand_db, dk_yredelemnul_ordeal,
          nicolae_tso_besieged_by_evil, amcnicky_altar_gilded,
          mainiacjoe_sewer_entry_somewhere_in_here_1

Skill      XL: |  1  2  3  4  5 |
---------------+----------------+-----
Dodging        | 3 |  3.8
Fighting       | 4 |  4.3
Long Blades    | 3 |  3.4
Throwing       | 1 |  1.1
Stealth        | 1 |  1.0
Shields        | |  3.9

Action                     |  1- 3 |  4- 6 || total
---------------------------+-------+-------++-------
  Melee: Long sword        |   154 |   123 ||   277
         Tailslap          |    20 |    16 ||    36
    Use: Potion            |       |     1 ||     1
   Stab: Sleeping          |     1 |     1 ||     2
 Armour: Skin              |    97 |    96 ||   193
  Dodge: Dodged            |   116 |    92 ||   208
  Block: Buckler           |    26 |    33 ||    59

Table legend: (Time is in decaauts)
 A = Elapsed time spent in this place.
 B = Non-inter-level travel time spent in this place.
 C = Inter-level travel time spent in this place.
 D = Time resting spent in this place.
 E = Time spent auto-exploring this place.
 F = Levels seen in this place.
 G = Mean time per level.
                   A        B        C        D        E       F      G
               +--------+--------+--------+--------+--------+-----+--------+
         Total |   2761 |   2747 |     14 |    795 |   1109 |   3 |  920.3 |
       Dungeon |   2761 |   2747 |     14 |    795 |   1109 |   3 |  920.3 |
               +--------+--------+--------+--------+--------+-----+--------+

Top non-repeatable levels by time:
     D:2: 1711 daAuts
     D:1: 766 daAuts
     D:3: 284 daAuts
